 Dungeon Crawl Stone Soup version 0.26-a0-631-ged93497179 (webtiles) character file.

Game seed: 5612217267485554095

68 DogServant the Charlatan (level 4, 27/27 HPs)
             Began as a Kobold Artificer on Sept 12, 2020.
             Quit the game on level 2 of the Dungeon.
             The game lasted 00:05:44 (1713 turns).

DogServant the Charlatan (Kobold Artificer)         Turns: 1713, Time: 00:05:44

Health: 27/27      AC:  3    Str: 10    XL:     4   Next: 41%
Magic:  4/4        EV: 14    Int: 12    God:
Gold:   70         SH:  0    Dex: 15    Spells: 3/3 levels left

rFire    . . .     SeeInvis .   i - +0 dagger
rCold    . . .     Faith    .   (shield restricted)
rNeg     . . .     Spirit   .   b - +0 leather armour
rPois    .         Reflect  .   (no helmet)
rElec    .         Harm     .   (no cloak)
rCorr    .         Rampage  .   (no gloves)
MR       .....                  (no boots)
Stlth    +++.......             (no amulet)
HPRegen  0.09/turn              (no ring)
MPRegen  0.09/turn              (no ring)

@: no status effects
A: small, nightstalker 3
a: no special abilities


You were on level 2 of the Dungeon.
You visited 1 branch of the dungeon, and saw 2 of its levels.

You collected 70 gold pieces.

Inventory:

Hand Weapons
 f - a +0 hunting sling
 i - a +0 dagger (weapon)
Missiles
 a - 36 bolts
 g - 28 stones (quivered)
Armour
 b - a +0 leather armour (worn)
Wands
 c - a wand of flame (7)
 d - a wand of enslavement (14)
 e - a wand of random effects (15)
Scrolls
 j - 3 scrolls of identify {unknown}
 l - a scroll of teleportation {unknown}
 m - a scroll of remove curse {unknown}
Potions
 h - a potion of brilliance {unknown}
 k - a potion of flight {unknown}


   Skills:
 + Level 2.5 Fighting
 + Level 2.0 Short Blades
 - Level 0.7 Armour
 - Level 2.4 Dodging
 - Level 2.2 Stealth
 + Level 4.5 Evocations


You had 3 spell levels left.
You didn't know any spells.
Your spell library was empty.

Dungeon Overview and Level Annotations

Branches:
Dungeon (2/15)

Altars:
Ru


Innate Abilities, Weirdness & Mutations

You are small and have problems with some larger weapons.
You are completely attuned to the shadows.


Message History

Terence closely misses you.
Press: ? - help, v - describe, . - travel The floor.
Evoke which item? (* to show all) (? for menu, Esc to quit)
Aiming: Throw Flame
Press: ? - help, Shift-Dir - straight line, f/p - Terence
Aim: Terence, wielding a +0 trident and wearing a +0 chain mail (almost dead, berserk)
The puff of flame hits Terence.
You kill Terence!
Your Short Blades skill increases to level 2!
You have reached level 4!
g - 28 stones (gained 1)
Things that are here:
a +0 trident; a +0 chain mail; the human corpse of Terence
Found a sacrificial altar of Ru.
Found a scroll labeled QARYTTAACO.
There is a sacrificial altar of Ru here.
Unknown command.
Press < or > to pray at altars.
Are you sure you want to abandon this character and quit the game? (Confirm with "yes".)

#.#.#).#
#......#
###.##.#
#....#
...##.###
....##.#
.....#.###.#
...#.#......
....@.......
...#.#......
.?...#......
....##......
### #####.


There were no monsters in sight!

Vanquished Creatures
  Terence (D:2)
  2 adders (D:2)
  A leopard gecko (D:1)
  A ball python (D:1)
  5 goblins
  3 hobgoblins (D:1)
  4 kobolds
  A bat (D:1)
  2 frilled lizards
  6 rats
26 creatures vanquished.

Notes
Turn   | Place    | Note
-------+----------+-------------------------------------------
     0 | D:1      | DogServant the Kobold Artificer began the quest for the
                  | Orb.
     0 | D:1      | Reached XP level 1. HP: 12/12 MP: 1/1
   258 | D:1      | Reached XP level 2. HP: 15/16 MP: 2/2
   869 | D:1      | Reached skill level 4 in Evocations
  1028 | D:1      | Reached XP level 3. HP: 21/21 MP: 3/3
  1266 | D:2      | Reached skill level 1 in Short Blades
  1654 | D:2      | Noticed Terence
  1690 | D:2      | Killed Terence
  1690 | D:2      | Reached XP level 4. HP: 26/27 MP: 4/4
  1709 | D:2      | Found a sacrificial altar of Ru.
  1713 | D:2      | Quit the game

Illustrated notes

Levels and vault maps discovered:
D:1:      giann_wishing_wells, layout_loops_ring
D:2:      layout_basic, lemuel_crystal_altar, roderic_lattice_a,
          minmay_misc_feat_five, uniq_terence, uniq_crazy_yiuf_cottage

Skill      XL: |  1  2  3 |
---------------+----------+-----
Stealth        | 2 |  2.2
Evocations     | 4 |  4.5
Fighting       | 2 |  2.5
Short Blades   | 2 |  2.0
Armour         | |  0.7
Dodging        | |  2.4

Action                   |  1- 3 |  4- 6 || total
-------------------------+-------+-------++-------
Melee: Club              |    28 |       ||    28
       Dagger            |    59 |       ||    59
Throw: Stone             |     1 |       ||     1
Evoke: Wand              |     8 |     1 ||     9
 Stab: Sleeping          |     7 |       ||     7
       Distracted        |     1 |       ||     1
Armor: Leather armour    |    10 |       ||    10
Dodge: Dodged            |    58 |       ||    58

Table legend: (Time is in decaauts)
 A = Elapsed time spent in this place.
 B = Non-inter-level travel time spent in this place.
 C = Inter-level travel time spent in this place.
 D = Time resting spent in this place.
 E = Time spent auto-exploring this place.
 F = Levels seen in this place.
 G = Mean time per level.
                   A        B        C        D        E       F      G
               +--------+--------+--------+--------+--------+-----+--------+
         Total |   1718 |   1657 |     61 |    130 |   1282 |   2 |  859.0 |
       Dungeon |   1718 |   1657 |     61 |    130 |   1282 |   2 |  859.0 |
               +--------+--------+--------+--------+--------+-----+--------+

Top non-repeatable levels by time:
     D:1: 1227 daAuts
     D:2: 490 daAuts
